 Dungeon Crawl Stone Soup version 0.16.1-51-g6203257 (webtiles) character file.

5037 Miyamura the Grappler (level 10, -20/88 HPs)
             Began as a Troll Monk on July 6, 2015.
             Was a High Priest of Okawaru.
             Demolished by Erolcha
             ... wielding a +0 giant spiked club
              (51 damage)
             ... on level 9 of the Dungeon.
             The game lasted 00:29:40 (8086 turns).

Miyamura the Grappler (Troll Monk)                  Turns: 8086, Time: 00:29:41

Health: -20/88     AC:  6    Str: 20 (21) XL:     10   Next: 30%
Magic:  13/13      EV: 12    Int:  6 (7)  God:    Okawaru [*****.]
Gold:   378        SH:  0    Dex: 11 (14) Spells: 0 memorised, 9 levels left

rFire  . . .     SeeInvis .       - Unarmed
rCold  . . .     Clarity  .     e - +1 robe
rNeg   . . .     SustAb   .     (shield restricted)
rPois  .         Gourm    +     H - +0 hat {MR+}
rElec  .         Spirit   .     (no cloak)
rCorr  .         Warding  .     (gloves unavailable)
rMut   .         Stasis   .     (boots unavailable)
MR     +....                    (no amulet)
Stlth  +.........               (no ring)
                                (no ring)

@: somewhat resistant to hostile enchantments, very unstealthy
A: unfitting armour, claws 3, breathe flames 1, deterioration 2, fast metabolism
3, frail 1, gourmand, regeneration 2, shaggy fur 1, tough skin 2, evolution 1
a: Heroism, Finesse, Renounce Religion, Breathe Fire


You were on level 9 of the Dungeon.
You worshipped Okawaru.
Okawaru was extremely pleased with you.
You were completely stuffed.

You visited 1 branch of the dungeon, and saw 9 of its levels.

You collected 647 gold pieces.
You spent 269 gold pieces at shops.

Inventory:

Armour
 e - a +1 robe (worn)
 H - a +0 hat of magic resistance (worn)
Jewellery
 p - an uncursed ring of ice
 x - an uncursed ring of fire
Magical devices
 d - a wand of random effects (6)
 l - a wand of digging (11)
 n - a wand of cold (6)
 w - a wand of cold (6)
 B - a wand of flame (20)
 F - a wand of polymorph (9)
 G - a wand of flame (24)
Scrolls
 c - 3 scrolls of blinking
 h - 4 scrolls of enchant weapon
 k - 7 scrolls of remove curse
 o - 5 scrolls of teleportation
 s - 6 scrolls of recharging
 v - a scroll of fear
 y - a scroll of fog
 A - 2 scrolls of enchant armour
 D - a scroll of amnesia
Potions
 a - 2 potions of invisibility
 g - 2 potions of magic
 j - 2 potions of restore abilities
 m - a potion of curing
 q - 4 potions of cancellation
 r - 3 potions of flight
 u - 4 potions of berserk rage
 E - a potion of ambrosia {unknown}
Comestibles
 b - 5 meat rations
 f - a slice of pizza
 i - 4 bread rations
 t - a beef jerky
 z - a royal jelly
 C - 4 chunks of flesh


   Skills:
 + Level 6.2 Fighting
 + Level 6.1 Throwing
 - Level 1.2 Armour
 + Level 6.3 Dodging
 - Level 1.1 Stealth
 + Level 8.0 Unarmed Combat
 + Level 5.6 Invocations


You had 9 spell levels left.
You didn't know any spells.

Dungeon Overview and Level Annotations

Branches:
Dungeon (9/15)             Temple (0/1) D:6
   Lair: D:8-11         Orc: D:9-12

Altars:
Ashenzari
Gozag
Kikubaaqudgha
Nemelex Xobeh
Okawaru
Sif Muna
Trog
Vehumet
Xom
Yredelemnul
Zin

Shops:
D:4 *   D:6 *   D:7 *

Annotations:
D:9 Erolcha


Innate Abilities, Weirdness & Mutations

You are too large for most types of armour.
You have claws for hands.
Your metabolism is lightning-fast.
You like to eat raw meat.
You heal very quickly.
You are covered in fur (AC +1).
You have very tough skin (AC +2).
You can breathe flames.
Your body is deteriorating.
You are frail (-10% HP).
You evolve.


Message History

Erolcha is moderately wounded.
Erolcha gestures wildly while chanting.
Erolcha blinks!
Erolcha hits you with a giant spiked club!
You barely miss Erolcha.
Erolcha is moderately wounded.
You claw Erolcha!
Erolcha is heavily wounded.
Erolcha hits you with a giant spiked club!!!
Ouch! That really hurt!
You closely miss Erolcha.
Erolcha is heavily wounded.
Erolcha barely misses you.
You barely miss Erolcha.
Erolcha is heavily wounded.
You claw Erolcha!
Erolcha is severely wounded.
Erolcha hits you with a giant spiked club!!!
Ouch! That really hurt!
You die...

#+# #.# #.# #
##.####
#.####.....####
#.O@...........
#.!....###.....###
#####.# ##.#### #.
#.# . #.# ## #.# #
#.# #
#######.###### #
#............# #


You could see Erolcha (bleeding).

Vanquished Creatures
  Gastronok (D:8)
  A troll (D:7)
  Eustachio (D:8)
  3 yaks (D:9)
  A phantom (D:8)
  5 black bears
  3 ogres
  An eye of draining (D:8)
  2 orc warriors
  Duvessa (D:8)
  2 centaurs
  3 giant frogs
  2 scorpions
  3 killer bees (D:7)
  6 wights
  An electric eel (D:6)
  Dowan (D:8)
  3 crimson imps
  2 jellies
  2 giant frog skeletons
  4 hounds
  A quasit (D:7)
  4 orc priests
  A centaur skeleton (D:7)
  An iguana (D:6)
  5 orc wizards
  3 worker ants
  A killer bee zombie (D:6)
  Ijyb (D:4)
  2 hound zombies
  Terence (D:3)
  A hound skeleton (D:4)
  A worker ant zombie (D:5)
  Robin (D:2)
  3 gnolls (D:6)
  9 adders
  2 shadow imps (D:8)
  2 giant mites
  3 worms
  An adder skeleton (D:5)
  7 giant geckos
  An ooze (D:2)
  33 orcs
  2 ball pythons
  14 bats
  4 giant cockroaches
  21 hobgoblins
  7 jackals
  13 kobolds
  4 quokkas
  A giant cockroach zombie (D:5)
  A giant gecko skeleton (D:5)
  A giant gecko zombie (D:7)
  7 giant newts
  20 goblins
  10 rats
  2 ballistomycetes (D:8)
239 creatures vanquished.

Vanquished Creatures (others)
  A bat (D:5)
  A hobgoblin (D:5)
  3 giant spores
  A ballistomycete (D:9)
6 creatures vanquished.

Grand Total: 245 creatures vanquished

Notes
Turn   | Place    | Note
--------------------------------------------------------------
     0 | D:1      | Miyamura, the Troll Monk, began the quest for the Orb.
     0 | D:1      | Reached XP level 1. HP: 22/22 MP: 1/1
    89 | D:1      | Reached XP level 2. HP: 29/29 MP: 1/1
   630 | D:2      | Reached skill level 1 in Throwing
   740 | D:2      | Noticed Robin
   756 | D:2      | Reached XP level 3. HP: 33/36 MP: 2/2
  1103 | D:2      | Found an iron altar of Okawaru.
  1171 | D:2      | Found a glowing silver altar of Zin.
  1172 | D:2      | Found Zin's Purification Station.
  1201 | D:2      | Killed Robin
  1203 | D:2      | Reached XP level 4. HP: 35/44 MP: 2/2
  1863 | D:2      | Bought a potion of curing for 90 gold pieces
  1980 | D:3      | Found a bloodstained altar of Trog.
  1980 | D:3      | Noticed Terence
  1996 | D:3      | Killed Terence
  2024 | D:3      | Found a radiant altar of Vehumet.
  2098 | D:3      | Gained mutation: Your body is slowly deteriorating. [potion of mutation]
  2098 | D:3      | Gained mutation: You evolve. [potion of mutation]
  2098 | D:3      | Gained mutation: You have a pair of small antennae on your head. [potion of mutation]
  2191 | D:3      | Gained mutation: You are frail (-10% HP). [evolution]
  2241 | D:3      | Found a basalt altar of Yredelemnul.
  2309 | D:3      | Reached skill level 1 in Armour
  2309 | D:3      | Reached XP level 5. HP: 47/47 MP: 2/2
  2667 | D:2      | Became a worshipper of Warmaster Okawaru
  2667 | D:2      | Acquired Okawaru's first power
  2792 | D:4      | Reached XP level 6. HP: 51/54 MP: 3/3
  2859 | D:4      | Reached skill level 5 in Unarmed Combat
  3250 | D:4      | Noticed Ijyb
  3265 | D:4      | Killed Ijyb
  3269 | D:4      | Found Maez's Assorted Antiques.
  3284 | D:4      | Bought a scroll labeled BRYZXO SIRUNAH for 22 gold pieces
  3343 | D:5      | Entered Level 5 of the Dungeon
  3495 | D:5      | Reached skill level 1 in Invocations
  3773 | D:5      | Reached XP level 7. HP: 57/61 MP: 4/4
  4060 | D:5      | Found an opulent altar of Gozag.
  4060 | D:5      | Found a sparkling altar of Nemelex Xobeh.
  4499 | D:6      | Found a staircase to the Ecumenical Temple.
  4668 | D:6      | Found Kapuptit's Assorted Antiques.
  4672 | D:6      | Bought a potion of mutation for 52 gold pieces
  4672 | D:6      | Bought a forked glass wand for 84 gold pieces
  4672 | D:6      | Bought a scroll labeled JOYCAGEGGU for 21 gold pieces
  4674 | D:6      | Gained mutation: Your body is deteriorating. [potion of mutation]
  4674 | D:6      | Gained mutation: You can breathe flames. [potion of mutation]
  4674 | D:6      | Lost mutation: You have a pair of small antennae on your head. [potion of mutation]
  4844 | D:6      | Reached XP level 8. HP: 28/71 MP: 6/6
  5247 | D:7      | Reached skill level 6 in Unarmed Combat
  5375 | D:7      | Found Klulizec's General Store.
  5438 | D:7      | Noticed a troll
  5448 | D:7      | Killed a troll
  5559 | D:7      | Found an ancient bone altar of Kikubaaqudgha.
  5629 | D:7      | Found a shattered altar of Ashenzari.
  5776 | D:7      | Reached skill level 5 in Dodging
  5851 | D:7      | Reached skill level 5 in Fighting
  6116 | D:7      | Reached XP level 9. HP: 75/79 MP: 10/10
  6140 | D:8      | Noticed Gastronok
  6145 | D:8      | Noticed Dowan
  6146 | D:8      | Noticed Duvessa
  6620 | D:8      | Noticed Eustachio
  6637 | D:8      | Killed Eustachio
  6687 | D:8      | Killed Duvessa
  6687 | D:8      | Reached skill level 7 in Unarmed Combat
  6693 | D:8      | Killed Dowan
  6736 | D:8      | Reached skill level 5 in Throwing
  7021 | D:8      | Killed Gastronok
  7021 | D:8      | Acquired Okawaru's second power
  7021 | D:8      | Received a gift from Okawaru
  7021 | D:8      | Reached skill level 5 in Invocations
  7021 | D:8      | Reached XP level 10. HP: 49/88 MP: 11/13
  7024 | D:8      | Got a crude robe {god gift}
  7037 | D:8      | Identified the +0 robe of Wafadema {-Tele rC+ Int+4} (Okawaru gifted it to you on level 8 of the Dungeon)
  7679 | D:9      | Found a shimmering altar of Xom.
  7709 | D:9      | Reached skill level 8 in Unarmed Combat
  7903 | D:9      | Found a deep blue altar of Sif Muna.
  8001 | D:9      | Found a shattered altar of Ashenzari.
  8076 | D:9      | Noticed Erolcha
  8086 | D:9      | Demolished by Erolcha

Action                   |  1- 3 |  4- 6 |  7- 9 | 10-12 || total
-------------------------+-------+-------+-------+-------++-------
Melee: Unarmed           |   120 |   261 |   378 |   112 ||   871
 Abil: Breathe Fire      |       |       |     1 |       ||     1
Evoke: Wand              |       |       |    16 |       ||    16
  Use: Scroll            |    10 |     7 |    10 |     3 ||    30
       Potion            |       |     1 |     3 |       ||     4
 Stab: Sleeping          |       |     3 |     3 |     1 ||     7
  Eat: Chunk             |    15 |    23 |    31 |    11 ||    80
